 Dungeon Crawl Stone Soup version 0.30-a0-149-g7f746667c4 (webtiles) character file.

Game seed: 2946062939512307674

129292 ragingrage the Brawler (level 16, -7/145 HPs)
             Began as a Demonspawn Artificer on Sept 26, 2022.
             Was a Believer of Yredelemnul.
             Mangled by a salamander tyrant (24 damage)
             ... on level 2 of the Snake Pit.
             The game lasted 00:43:13 (32061 turns).

ragingrage the Brawler (Demonspawn Artificer)      Turns: 32061, Time: 00:43:13

Health: -7/145     AC: 10    Str: 26    XL:     16   Next: 50%
Magic:  21/21      EV: 15    Int: 12    God:    Yredelemnul [**....]
Gold:   1594       SH:  0    Dex: 15    Spells: 7/15 levels left

rFire   . . .      SeeInvis .      - Unarmed
rCold   . . .      Faith    .    (no shield)
rNeg    . . .      Spirit   .    o - +1 ring mail {rPois}
rPois   +          Reflect  .    (helmet restricted)
rElec   .          Harm     .    (cloak unavailable)
rCorr   .          Rampage  .    (gloves unavailable)
Will    ++...                    r - +1 pair of boots {Stlth+}
Stlth   ++........               w - amulet of regeneration
HPRegen 1.14/turn                y - ring of willpower
MPRegen 0.17/turn                q - +6 ring of strength

@: weakened, wereblooded, studying 3 skills
A: claws 3, horns 2, powered by pain 2, robust 1, spiny 1, weakness stinger 3
a: Renounce Religion, Recall Undead Harvest, Dark Bargain


You were on level 2 of the Snake Pit.
You worshipped Yredelemnul.
Yredelemnul was noncommittal.
You visited 5 branches of the dungeon, and saw 25 of its levels.
You also visited: Bailey.

You collected 2846 gold pieces.
You spent 1252 gold pieces at shops.

Inventory:

Hand Weapons
 b - a +7 sling of freezing
 A - a +2 longbow of flaming
 V - a +2 scimitar of flaming
Missiles
 g - 29 poisoned darts (quivered)
 J - 4 javelins
 M - 4 atropa-tipped darts
 W - 6 silver javelins
Armour
 o - a +1 ring mail of poison resistance (worn)
 r - a +1 pair of boots of stealth (worn)
 x - a +3 leather armour of positive energy
 L - a +2 kite shield of reflection
Jewellery
 a - a ring of ice
 q - a +6 ring of strength (right claw)
 w - an amulet of regeneration (around neck)
 y - a ring of willpower (left claw)
 E - a ring of see invisible
Wands
 c - a wand of flame (4)
 d - a wand of charming (5)
 e - a wand of iceblast (11)
 m - a wand of digging (4)
 t - a wand of mindburst (11)
 I - a wand of paralysis (17)
 X - a wand of acid (29)
Scrolls
 k - 5 scrolls of immolation
 n - 2 scrolls of fear
 p - a scroll of vulnerability
 s - 4 scrolls of butterflies
 u - 6 scrolls of amnesia
 B - 4 scrolls of brand weapon
 D - 4 scrolls of blinking
 F - 4 scrolls of enchant armour
 Y - 9 scrolls of teleportation
Potions
 f - 8 potions of brilliance
 i - 14 potions of curing
 j - 4 potions of resistance
 l - 5 potions of might
 z - 9 potions of magic
 C - a potion of flight
 G - a potion of attraction
 H - 2 potions of berserk rage
 K - 2 potions of invisibility
 N - 8 potions of haste
 O - a potion of lignification
 P - a potion of ambrosia
 Q - 2 potions of cancellation
 R - 2 potions of mutation
 S - 12 potions of heal wounds
Miscellaneous
 h - a phantom mirror
 v - a condenser vane


   Skills:
 + Level 13.8 Fighting
 + Level 8.3 Armour
 + Level 8.7 Dodging
 - Level 0.8 Stealth
 + Level 18.0 Unarmed Combat
 + Level 8.5 Transmutations
 + Level 7.3 Invocations
 - Level 8.0 Evocations


You had 7 spell levels left.
You knew the following spells:

 Your Spells              Type           Power      Damage    Failure   Level
a - Wereblood             Tmut           20%        N/A       2%          2
b - Call Canine Familiar  Summ           0%         N/A       80%         3
c - Blink                 Tloc           0%         N/A       56%         2
d - Beastly Appendage     Tmut           40%        N/A       1%          1

Your spell library contained the following spells:

 Spells                   Type           Power      Damage    Failure   Level
 Spider Form              Tmut/Pois      10%        N/A       24%         3
 Ignite Poison            Fire/Tmut/Pois 6%         N/A       41%         3
 Slow                     Hex            0%         N/A       43%         1
 Summon Small Mammal      Summ           0%         N/A       43%         1
 Ice Form                 Ice/Tmut       10%        N/A       63%         4
 Confusing Touch          Hex            0%         N/A       80%         3
 Gell's Gravitas          Tloc           0%         N/A       80%         3
 Kindle Blastsparks       Fire/Tloc/Air  0%         2d10      80%         3
 Lesser Beckoning         Tloc           0%         N/A       80%         3
 Summon Guardian Golem    Hex/Summ       0%         N/A       80%         3
 Teleport Other           Tloc           0%         N/A       80%         3
 Vampiric Draining        Necr           0%         2d6       80%         3
 Fulminant Prism          Conj/Hex       0%         3d6       99%         4
 Hailstorm                Conj/Ice       0%         3d3       99%         4
 Iskenderun's Mystic Bla  Conj/Tloc      0%         2d3       99%         4
 Manifold Assault         Tloc           0%         N/A       99%         4
 Sticky Flame             Conj/Fire      0%         2d3       99%         4
 Summon Ice Beast         Ice/Summ       0%         N/A       99%         4
 Summon Lightning Spire   Summ/Air       0%         N/A       99%         4
 Lee's Rapid Deconstruct  Erth           0%         3d5*      100%        5
 Summon Forest            Summ/Tloc      0%         N/A       100%        5
 Summon Mana Viper        Hex/Summ       0%         N/A       100%        5
 Dispersal                Tloc           0%         N/A       100%        6
 Summon Cactus Giant      Summ           0%         N/A       100%        6
 Monstrous Menagerie      Summ           0%         N/A       100%        7
 Storm Form               Tmut/Air       5%         N/A       100%        7
 Maxwell's Capacitive Co  Air            0%         ∞         100%        8
 Chain Lightning          Conj/Air       0%         N/A       100%        9
 Fire Storm               Conj/Fire      0%         5d1       100%        9
 Shatter                  Erth           0%         3d5*      100%        9
 Simulacrum               Ice/Necr       Unusable   N/A       N/A         6

Dungeon Overview and Level Annotations

Branches:
Dungeon (15/15)            Temple (1/1) D:5            Lair (5/5) D:9
  Swamp (0/4) Lair:2        Snake (2/4) Lair:3        Slime (0/5) Lair:5
    Orc (2/2) D:12            Elf (0/3) Orc:2        Vaults (0/5) D:14
 Depths (0/4) D:15         Bailey (visited)

Altars:
Ashenzari
Cheibriados
Dithmenos
Fedhas
Gozag
Hepliaklqana
Kikubaaqudgha
Makhleb
Nemelex Xobeh
Okawaru
Qazlal
Ru
Sif Muna
Trog
Uskayaw
Vehumet
Wu Jian
Xom
Yredelemnul
Jiyva

Shops:
D:12 (   Orc:1 !*   Orc:2 [*!?   Snake:2 *

Annotations:
D:4 exclusion: downstairs
D:8 1 runed translucent door, jimonade's ghost, novice FoHu
D:15 1 runed translucent door, exclusion: 4 orange crystal statues
Lair:4 exclusion: downstairs


Innate Abilities, Weirdness & Mutations

You have claws for hands.
You have a pair of horns on your head.
You sometimes gain power by taking damage.
You are robust. (+10% HP)
You are partially covered in sharp spines.
You have a sharp stinger which inflicts weakening toxins.


Message History

* * * LOW HITPOINT WARNING * * *
Your shock serpent zombie bites the salamander mystic.
Your bound deep troll shaman bites the salamander tyrant but does no damage.
Your bound deep troll shaman claws the salamander tyrant!
Your bound deep troll shaman closely misses the salamander tyrant.
The salamander mystic hits your shock serpent zombie with a +0 scimitar!
Your shock serpent zombie is engulfed in flames!
The salamander hits you from afar with a +0 halberd!
* * * LOW HITPOINT WARNING * * *
You are engulfed in flames!
* * * LOW HITPOINT WARNING * * *
You swap places.
Your black mamba zombie bites the salamander mystic but does no damage.
Your shock serpent zombie bites the salamander mystic.
The salamander tyrant hits your bound deep troll shaman!
Your bound deep troll shaman is engulfed in flames!!
Your black mamba zombie bites the salamander mystic.
The salamander closely misses you.
Your bound deep troll shaman bites the salamander mystic!
Your bound deep troll shaman claws the salamander mystic but does no damage.
Your bound deep troll shaman claws the salamander mystic!
The salamander mystic hits your black mamba zombie with a +0 scimitar!
Your black mamba zombie is destroyed!
The salamander hits your shock serpent zombie with a +0 halberd!
Your shock serpent zombie is destroyed!
The salamander tyrant gazes fiercely through your bound deep troll shaman!
Your bound deep troll shaman looks weaker.
Your bound deep troll shaman bites the salamander mystic.
The salamander mystic dies!
There is an open door here.
You closely miss the salamander tyrant.
The salamander tyrant is severely wounded.
The salamander tyrant gazes fiercely through you!
You feel as though you will be weak longer.
The salamander tyrant is struck by your spines.
The salamander tyrant hits you.
* * * LOW HITPOINT WARNING * * *
You are engulfed in flames!!
You die...
Your body rises from the dead as a mindless zombie.

#..Z.##......##..
#..##....##########..
#..##..).# ######..#
#..##....# .......Z#
#..##....# ........#
#..##....# ..####..#
##..##....# . ####.Z.
#####...##....#
#....Z.
#.....NZN@Z.).#
##....ZZ
#......N##....#
+......V
#.......##....#
##.....Z
#.......##....#
#......
#.......##....#
#......
###############
#######


You could see a salamander tyrant (ally target), 2 salamanders, a friendly bound
deep troll shaman (weak) and a friendly salamander zombie.

Vanquished Creatures
  Josephine (D:15)
  2 centaur warriors (D:14)
  3 anacondas
  3 boulder beetles
  4 death yaks (Lair:5)
  2 dancing weapons (D:14)
  9 two-headed ogres
  A tengu warrior (D:15)
  Erica (D:10)
  4 naga warriors
  2 shock serpents
  An orc high priest (Orc:1)
  A titan skeleton (D:15)
  Sonja (D:10)
  2 skeletal warriors (D:15)
  A fire crab (Lair:5)
  A salamander mystic (Snake:2)
  A bog body (Lair:2)
  A wizard (D:14)
  A lindwurm (Lair:5)
  A naga ritualist (Snake:1)
  2 necromancers
  2 orc knights
  A deep elf pyromancer (D:15)
  An orc sorcerer (D:12)
  4 mana vipers
  3 ugly things (D:14)
  3 cyclopes
  3 salamanders
  3 manticores
  16 black mambas
  7 elephants
  Joseph (D:8)
  A guardian serpent (Snake:2)
  2 naga magi
  2 gargoyles
  A kobold demonologist (D:14)
  An unseen horror zombie (D:8)
  3 rime drakes
  An efreet (D:15)
  A freezing wraith (D:15)
  10 cane toads
  6 komodo dragons
  A tengu conjurer (D:14)
  9 trolls
  10 blink frogs
  10 slime creatures
  6 dream sheep
  A centaur simulacrum (D:15)
  Sigmund (D:4)
  2 vampires
  5 wraiths
  2 shadows (D:11)
  6 basilisks
  42 yaks
  6 vampire mosquitoes
  A warg (Orc:2)
  2 swamp worms (Lair:2)
  Edmund (D:4)
  12 nagas
  2 acid dragons
  18 water moccasins
  3 black bears
  26 orc warriors
  A sky beast (D:6)
  7 ogres
  8 wolves
  10 centaurs
  A phantom (D:5)
  Blork the orc (D:5)
  6 bullfrogs
  3 necrophages
  3 scorpions
  2 wyvern zombies (D:8)
  11 wights
  5 killer bees (D:8)
  4 vampire bats (D:7)
  6 howler monkeys
  4 jellies
  2 hounds
  13 orc priests
  Jessica (D:2)
  A gnoll bouda (D:5)
  2 iguanas
  Terence (D:3)
  20 orc wizards
  4 hell rats (Lair:2)
  3 yak simulacra (Lair:5)
  5 polar bear simulacra (Lair:5)
  2 wolf simulacra (Lair:5)
  Robin (D:4)
  2 howler monkey zombies (D:8)
  19 gnolls
  12 adders
  A shadow imp (D:6)
  A white imp (D:5)
  An ufetubus (D:7)
  15 dart slugs
  64 orcs
  10 bats
  9 endoplasms
  2 giant cockroaches (D:4)
  18 goblins
  4 hobgoblins
  2 quokkas
  8 ball pythons
  4 frilled lizards
  4 kobolds
  7 rats
593 creatures vanquished.

Vanquished Creatures (collateral kills)
  A hydra (Lair:5)
  A salamander tyrant (Snake:2)
  An ogre mage (D:15)
  2 centaur warriors (D:14)
  A naga warrior (Snake:1)
  2 two-headed ogres
  A death yak (Lair:5)
  An anaconda (Snake:1)
  A tengu warrior (D:13)
  A naga sharpshooter (Snake:1)
  A salamander mystic (Snake:2)
  A golden dragon zombie (D:15)
  A flayed ghost (D:15)
  2 orc knights
  An ugly thing (D:14)
  6 slime creatures (D:12)
  3 elephants
  A black mamba (Lair:1)
  2 salamanders (Snake:2)
  2 fire giant skeletons (D:15)
  A cane toad (Lair:2)
  A rime drake (Lair:4)
  2 efreet
  2 komodo dragons
  A tengu conjurer (D:13)
  2 trolls
  3 blink frogs
  7 dream sheep
  A wraith (D:12)
  13 yaks
  A basilisk (D:12)
  4 nagas
  An acid dragon (D:13)
  3 water moccasins
  A black bear (Lair:5)
  6 orc warriors
  3 ogres
  3 wolves
  2 centaurs (Orc:2)
  A bullfrog (D:8)
  2 gnoll sergeants
  3 wights
  An electric eel (Lair:2)
  3 howler monkeys
  3 orc priests
  3 orc wizards (Orc:1)
  2 hell rats (Lair:2)
  2 gnolls
  An adder (Lair:2)
  25 orcs
  4 bats
  A goblin (D:9)
  A frilled lizard (D:2)
  A kobold (D:2)
  A river rat simulacrum (Lair:5)
  A bush (Lair:5)
144 creatures vanquished.

Vanquished Creatures (others)
  An anaconda zombie (Snake:2)
  A shock serpent zombie (Snake:2)
  3 black mamba zombies
  7 slime creature zombies (D:12)
  2 two-headed ogre zombies (D:15)
  2 cane toad zombies (Lair:5)
  An ogre zombie (D:15)
  A spectral rime drake (Lair:4)
  An orc warrior (D:6)
  4 elephant zombies
  2 vampire mosquito zombies (D:12)
  A fire crab zombie (Lair:5)
  A bullfrog (D:6)
  A komodo dragon zombie (Lair:5)
  A scorpion (D:6)
  2 cyclops zombies (D:15)
  2 water moccasin zombies
  2 wights
  3 troll zombies
  7 yak zombies
  3 wolf zombies
  2 bullfrog zombies
  3 centaur zombies (Orc:2)
  A scorpion zombie (D:6)
  2 killer bee zombies (D:8)
  An acid dragon zombie (D:13)
  2 naga zombies
  A hell rat zombie (Lair:2)
  3 howler monkey zombies (D:12)
  2 jelly zombies
  A spectral shadow imp (D:6)
  4 gnoll zombies (D:12)
  A kobold (D:2)
  A goblin zombie (D:9)
  50 orc zombies
  A spectral ufetubus (D:7)
  56 fungi
  69 plants
  11 withered plants
259 creatures vanquished.

Grand Total: 996 creatures vanquished

Notes
Turn   | Place    | Note
-------+----------+-------------------------------------------
     0 | D:1      | ragingrage the Demonspawn Artificer began the quest for the
                  | Orb.
     0 | D:1      | Reached XP level 1. HP: 15/15 MP: 1/1
   428 | D:1      | Gained mutation: You sometimes gain a little power by
                  | taking damage. [demonic ancestry]
   428 | D:1      | Reached XP level 2. HP: 13/21 MP: 2/2
  1552 | D:2      | Found a faded altar of an unknown god.
  1563 | D:2      | Discovered your monstrous ancestry.
  1563 | D:2      | Gained mutation: You have a pair of small horns on your
                  | head. [demonic ancestry]
  1563 | D:2      | Reached XP level 3. HP: 20/28 MP: 3/3
  1761 | D:2      | Identified the +1 helmet of Liest {Will++}
  1831 | D:2      | Reached skill level 1 in Unarmed Combat
  2411 | D:2      | Gained mutation: You sometimes gain power by taking damage.
                  | [demonic ancestry]
  2411 | D:2      | Reached XP level 4. HP: 21/34 MP: 4/4
  2874 | D:2      | Reached skill level 2 in Unarmed Combat
  2920 | D:2      | Noticed Jessica
  2924 | D:2      | Killed Jessica
  3309 | D:3      | Learned a level 2 spell: Blink
  3406 | D:3      | Noticed Terence
  3481 | D:3      | Killed Terence
  3482 | D:3      | Reached skill level 3 in Unarmed Combat
  3482 | D:3      | Reached XP level 5. HP: 26/39 MP: 5/5
  4203 | D:3      | Found a snail-covered altar of Cheibriados.
  4243 | D:4      | Noticed Edmund
  4431 | D:4      | Noticed Robin
  4615 | D:4      | Reached skill level 4 in Unarmed Combat
  4630 | D:4      | Killed Edmund
  4631 | D:4      | Reached XP level 6. HP: 27/45 MP: 6/6
  4928 | D:4      | Killed Robin
  4929 | D:4      | Reached skill level 5 in Unarmed Combat
  5195 | D:4      | Learned a level 3 spell: Call Canine Familiar
  5271 | D:4      | Reached skill level 6 in Unarmed Combat
  5271 | D:4      | Gained mutation: You have sharp fingernails. [demonic
                  | ancestry]
  5271 | D:4      | Reached XP level 7. HP: 43/51 MP: 7/7
  5352 | D:4      | Found an ancient bone altar of Kikubaaqudgha.
  5616 | D:4      | Noticed Sigmund
  5619 | D:4      | Killed Sigmund
  5709 | D:5      | Entered Level 5 of the Dungeon
  5718 | D:5      | Noticed Blork the orc
  5763 | D:5      | Reached skill level 7 in Unarmed Combat
  5790 | D:5      | Killed Blork the orc
  6025 | D:5      | Reached skill level 8 in Unarmed Combat
  6025 | D:5      | Gained mutation: You have a small tail. [demonic ancestry]
  6025 | D:5      | Reached XP level 8. HP: 22/57 MP: 8/8
  6682 | D:5      | Found a staircase to the Ecumenical Temple.
  6743 | Temple   | Entered the Ecumenical Temple
  6980 | Temple   | Became a worshipper of Yredelemnul the Dark
  7239 | D:6      | HP: 1/57 [centaur (6)]
  7243 | D:6      | Reached skill level 9 in Unarmed Combat
  7569 | D:6      | Reached * piety under Yredelemnul
  7658 | D:6      | Reached skill level 10 in Unarmed Combat
  7740 | D:6      | Reached ** piety under Yredelemnul
  7888 | D:6      | Identified the +1 robe of Okawaru's Condemnation {*Slow rF+
                  | rC+}
  7958 | D:6      | Gained mutation: You have very sharp fingernails. [demonic
                  | ancestry]
  7958 | D:6      | Reached XP level 9. HP: 62/62 MP: 9/9
  8223 | D:6      | Found a sparkling altar of Nemelex Xobeh.
  8726 | D:7      | Reached skill level 11 in Unarmed Combat
  9398 | D:7      | Reached skill level 12 in Unarmed Combat
 10219 | D:8      | Noticed Joseph
 10545 | D:8      | Reached XP level 10. HP: 68/68 MP: 10/10
 10774 | D:8      | Reached skill level 13 in Unarmed Combat
 11116 | D:9      | Reached *** piety under Yredelemnul
 11173 | D:9      | Found a hide-covered altar of Uskayaw.
 11212 | D:9      | Noticed an elephant
 11213 | D:9      | Reached **** piety under Yredelemnul
 11232 | D:9      | Reached skill level 5 in Fighting
 11238 | D:9      | Killed an elephant
 11239 | D:9      | Found a staircase to the Lair.
 11316 | D:9      | Found a flagged portal.
 11534 | Bailey   | Entered a bailey
 11893 | Bailey   | Noticed an orc knight
 11901 | Bailey   | Killed an orc knight
 11902 | Bailey   | Reached skill level 14 in Unarmed Combat
 12714 | D:8      | Gained mutation: You are partially covered in sharp spines.
                  | [demonic ancestry]
 12714 | D:8      | Reached XP level 11. HP: 34/83 MP: 10/11
 13034 | D:8      | Killed Joseph
 13396 | D:8      | Found an opulent altar of Gozag.
 13396 | D:8      | Found a shimmering blue altar of Sif Muna.
 13510 | D:8      | Found a runed translucent door.
 13511 | D:8      | Noticed jimonade's ghost (novice FoHu)
 13753 | D:10     | Entered Level 10 of the Dungeon
 13816 | D:10     | Noticed Erica
 13822 | D:10     | Killed Erica
 13899 | D:10     | Noticed Sonja
 13902 | D:10     | Killed Sonja
 13996 | D:10     | Found a hazy altar of Hepliaklqana.
 13999 | D:10     | Found a shimmering altar of Xom.
 13999 | D:10     | Found a stormy altar of Qazlal.
 14381 | D:11     | Noticed a two-headed ogre
 14391 | D:11     | Killed a two-headed ogre
 14885 | D:11     | Reached skill level 15 in Unarmed Combat
 15209 | D:11     | Noticed a two-headed ogre
 15213 | D:11     | Killed a two-headed ogre
 16236 | D:12     | Noticed a two-headed ogre
 16588 | D:12     | Gained mutation: You have claws for hands. [demonic
                  | ancestry]
 16588 | D:12     | Reached XP level 12. HP: 50/96 MP: 10/12
 16920 | D:12     | Reached skill level 5 in Evocations
 16990 | D:12     | Found a staircase to the Orcish Mines.
 17114 | D:12     | Reached skill level 10 in Fighting
 17313 | D:12     | Reached ***** piety under Yredelemnul
 17422 | D:12     | Killed a two-headed ogre
 17549 | D:12     | Found Ziuruox's Antique Weapon Shoppe.
 17624 | D:12     | Reached skill level 1 in Invocations
 18488 | D:13     | Noticed a boulder beetle
 18504 | D:13     | Killed a boulder beetle
 19044 | D:13     | Noticed a two-headed ogre
 19053 | D:13     | Killed a two-headed ogre
 19054 | D:13     | Reached skill level 16 in Unarmed Combat
 19215 | D:13     | Noticed a tengu warrior
 19282 | Lair:1   | Entered Level 1 of the Lair of Beasts
 19321 | Lair:1   | Reached skill level 5 in Invocations
 19647 | Lair:1   | Reached skill level 1 in Dodging
 19962 | Lair:1   | Learned a level 2 spell: Wereblood
 19964 | Lair:1   | Learned a level 1 spell: Beastly Appendage
 20360 | Lair:1   | Reached ****** piety under Yredelemnul
 20651 | Lair:1   | Gained mutation: You have a tail ending in a sharp stinger.
                  | [demonic ancestry]
 20651 | Lair:1   | Reached XP level 13. HP: 64/103 MP: 17/17
 20920 | Lair:1   | Reached skill level 1 in Transmutations
 21207 | Lair:2   | Identified the +2 robe "Ovvaesur" {rN+++}
 21510 | Lair:2   | Found a staircase to the Swamp.
 22859 | Lair:3   | Found a staircase to the Snake Pit.
 24158 | Lair:5   | Entered Level 5 of the Lair of Beasts
 24311 | Lair:5   | Reached skill level 5 in Armour
 24442 | Lair:5   | Gained mutation: You have a sharp stinger which inflicts
                  | weakening toxins. [demonic ancestry]
 24442 | Lair:5   | Reached XP level 14. HP: 43/110 MP: 19/19
 24443 | Lair:5   | Reached skill level 5 in Dodging
 24449 | Lair:5   | Reached skill level 5 in Transmutations
 24620 | Lair:5   | Found a viscous altar of Jiyva.
 24621 | Lair:5   | Found a staircase to the Slime Pits.
 24681 | Lair:5   | Reached skill level 17 in Unarmed Combat
 24714 | Lair:5   | HP: 2/110 [seven-headed hydra (6)]
 24856 | Lair:5   | Identified a scroll of acquirement
 24878 | Lair:5   | Acquired a manual of Fighting
 24882 | Lair:5   | Gained mutation: You are robust. (+10% HP) [demonic
                  | ancestry]
 24882 | Lair:5   | Reached XP level 15. HP: 111/128 MP: 20/20
 25904 | D:13     | You fall into a shaft and drop 2 floors!
 25904 | D:15     | Entered Level 15 of the Dungeon
 26271 | D:15     | Noticed Josephine
 26281 | D:15     | Killed Josephine
 26326 | D:15     | Found a staircase to the Depths.
 26656 | D:15     | Found a runed translucent door.
 26656 | D:15     | Found the +10 tower shield of Ignorance {rN+ Int-4}
 26741 | D:15     | Found a runed translucent door.
 27272 | D:14     | Found a gate to the Vaults.
 27808 | Orc:1    | Entered Level 1 of the Orcish Mines
 28218 | Orc:1    | Found Ywill's Distillery.
 28319 | Orc:1    | Bought a potion of curing for 36 gold pieces
 28319 | Orc:1    | Bought a potion of curing for 36 gold pieces
 28319 | Orc:1    | Bought a potion of heal wounds for 60 gold pieces
 28383 | Orc:1    | Found Nyom's CLEARANCE SALE!.
 28386 | Orc:1    | Bought a potion of heal wounds for 30 gold pieces
 28508 | Orc:2    | Entered Level 2 of the Orcish Mines
 28610 | Orc:2    | Gained mutation: You have a pair of horns on your head.
                  | [demonic ancestry]
 28610 | Orc:2    | Reached XP level 16. HP: 113/141 MP: 19/21
 29233 | Orc:2    | Found Fuppy's Distillery.
 29233 | Orc:2    | Found Hatel's Assorted Antiques.
 29235 | Orc:2    | Found Sobluif's Armour Shoppe.
 29237 | Orc:2    | Found Adeeneyz's Magic Scroll Boutique.
 29241 | Orc:2    | Bought a potion of invisibility for 112 gold pieces
 29241 | Orc:2    | Bought a potion of curing for 42 gold pieces
 29241 | Orc:2    | Bought a potion of curing for 42 gold pieces
 29242 | Orc:2    | Bought a crooked silver wand for 140 gold pieces
 29244 | Orc:2    | Bought a +1 ring mail of poison resistance for 208 gold
                  | pieces
 29260 | Orc:2    | Bought a scroll of blinking for 112 gold pieces
 29260 | Orc:2    | Bought a scroll of teleportation for 45 gold pieces
 29260 | Orc:2    | Bought a scroll of teleportation for 45 gold pieces
 29263 | Orc:2    | Bought a potion of might for 140 gold pieces
 29263 | Orc:2    | Bought a potion of attraction for 105 gold pieces
 29465 | Orc:2    | Found a staircase to the Elven Halls.
 29748 | Snake:1  | Entered Level 1 of the Snake Pit
 30862 | Snake:2  | Found Xeidghab's Assorted Antiques.
 30867 | Snake:2  | Bought a scroll of teleportation for 99 gold pieces
 31200 | Snake:2  | Reached skill level 18 in Unarmed Combat
 32061 | Snake:2  | Mangled by a salamander tyrant

Illustrated notes

Levels and vault maps discovered:
D:1:      co_arrival_square_in_a_square_in_a_square, layout_loops_ring,
          minmay_misc_feat_tiny
D:2:      layout_loops_ring, basic_ecumenical_altar, kennysheep_generic_room_12,
          uniq_jessica
D:3:      layout_loops_corners, mainiacjoe_overflow_surrounded_room,
          uniq_terence
D:4:      kennysheep_slugbush, layout_cave_pools, mainiacjoe_overflow_alcove_1,
          portal_sewer_entry_b, uniq_edmund, uniq_robin, uniq_sigmund
D:5:      layout_rooms, minmay_temple_entry_gardened_gates, uniq_blork_the_orc
D:6:      layout_basic, nemelex_xobeh_ov_fountains_minmay, minmay_between
D:7:      layout_loops_ring, roderic_batcave, hex_medium,
          chequers_serial_rivers_large_b, minmay_manual_mess
D:8:      layout_basic, amethyst_overflow_temple_binary, serial_undead,
          serial_undead_b, serial_undead_a, serial_undead_f, serial_undead_d,
          gammafunk_ghost_grave, fountainhead, minmay_sticks_and_stones
D:9:      layout_loops_ring, mainiacjoe_overflow_six_doors_small,
          david_lair_generic, enter_bailey_5, dreamdust_mushroom_princess,
          kennysheep_generic_room_14
D:10:     layout_roguey, grunt_temple_overflow_open, uniq_erica, uniq_joseph,
          uniq_sonja
D:11:     layout_stronghold
D:12:     layout_irregular_city, minmay_orc_entry_temple_large, serial_shops,
          shop
D:13:     layout_roguey
D:14:     layout_roguey, erik_vaults_1, interstate_on_off
D:15:     gammafunk_depths_entry_grave, layout_loops_ring,
          palyth_stone_intersect, chequers_guarded_unrand_ignorance,
          uniq_josephine
Temple:   hc_temple_tempest_star
Lair:1:   layout_cave_pods, serial_bayou_pond_e, minmay_holes
Lair:2:   layout_misc_corridors, nicolae_swamp_entry_splash_gauntlet,
          cheibrodos_lair_reptile_den
Lair:3:   layout_cave_pods, minmay_snake_entry_six_corridors
Lair:4:   layout_regular_city
Lair:5:   grunt_lair_end_beastmaster, layout_loops_ring, slime_entry_1,
          st_stairs_6, eino_house_with_fridge, grunt_megastairs_4,
          serial_bayou_shore_a, infiniplex_staircase_pool_2
Snake:1:  layout_rooms
Snake:2:  layout_grid_maze, serial_shops, nicolae_shop_hallway_plus
Orc:1:    layout_caves, serial_shops, nicolae_shop_waterfront,
          nicolae_shop_clearance
Orc:2:    st_orc_rangers, layout_diamond_mine, mines2_david

Skill      XL: |  1  2  3  4  5  6  7  8  9 10 11 12 13 14 15 16 |
---------------+-------------------------------------------------+-----
Fighting       | 2 6 9 10 12 13 | 13.8
Unarmed Combat | 1 3 4 6 8 10 12 14 15 16 17 18 | 18.0
Evocations     | 4 7 8 |  8.0
Invocations    | 5 7 |  7.3
Dodging        | 1 4 6 7 8 |  8.7
Armour         | 2 5 6 7 8 |  8.3
Transmutations | 4 6 7 8 |  8.5
Stealth        | |  0.8

Action                   |  1- 3 |  4- 6 |  7- 9 | 10-12 | 13-15 | 16-18 || total
-------------------------+-------+-------+-------+-------+-------+-------++-------
Melee: Flail             |    64 |       |       |       |       |       ||    64
       Punch             |     3 |     7 |     9 |    34 |    52 |    19 ||   124
       Unarmed           |    62 |    23 |   166 |   388 |   454 |   184 ||  1277
       Headbutt          |     4 |    28 |    31 |    85 |   114 |    42 ||   304
       Whip              |       |   109 |    26 |       |       |       ||   135
       Tailslap          |       |       |    18 |    60 |    73 |    26 ||   177
       Scimitar          |       |       |       |       |     1 |       ||     1
 Fire: Sling             |       |       |       |     2 |       |       ||     2
Throw: Dart              |       |       |     4 |    23 |     2 |       ||    29
       Javelin           |       |       |       |       |     1 |       ||     1
 Cast: Wereblood         |       |       |       |       |       |    14 ||    14
       Beastly Appendage |       |       |       |       |       |     1 ||     1
Invok: Recall Undead Har |       |       |     1 |    11 |    15 |     9 ||    36
       Bind Soul         |       |       |       |       |     3 |       ||     3
       Dark Bargain      |       |       |       |       |       |     2 ||     2
Evoke: Wand              |     3 |     8 |    11 |     8 |     1 |     3 ||    34
       Phantom mirror    |       |       |       |     1 |       |       ||     1
       Condenser vane    |       |       |       |       |     1 |     1 ||     2
  Use: Potion            |       |       |     7 |     1 |     3 |       ||    11
       Scroll            |       |       |       |    15 |    12 |       ||    27
 Stab: Sleeping          |       |       |     4 |     8 |       |     5 ||    17
       Distracted        |       |       |       |     4 |     4 |     1 ||     9
       Petrifying        |       |       |       |       |     1 |       ||     1
       Petrified         |       |       |       |       |     1 |       ||     1
Armor: Ring mail         |    55 |    62 |     6 |       |       |    29 ||   152
       Robe              |       |       |    47 |    42 |       |       ||    89
       Chain mail        |       |       |       |    53 |   159 |    17 ||   229
Dodge: Dodged            |    67 |    80 |   100 |   128 |   189 |   138 ||   702

Table legend: (Time is in decaauts)
 A = Elapsed time spent in this place.
 B = Non-inter-level travel time spent in this place.
 C = Inter-level travel time spent in this place.
 D = Time resting spent in this place.
 E = Time spent auto-exploring this place.
 F = Levels seen in this place.
 G = Mean time per level.
                   A        B        C        D        E       F      G
               +--------+--------+--------+--------+--------+-----+--------+
         Total |  31863 |  30424 |   1439 |   6348 |  19247 |  26 | 1225.5 |
       Dungeon |  20926 |  19927 |    999 |   4863 |  11874 |  15 | 1395.1 |
        Temple |    262 |    240 |     22 |      0 |    158 |   1 |  262.0 |
          Lair |   6550 |   6248 |    302 |   1074 |   4355 |   5 | 1310.0 |
     Snake Pit |   2005 |   1982 |     23 |    226 |   1459 |   2 | 1002.5 |
  Orcish Mines |   1572 |   1481 |     91 |    185 |    953 |   2 |  786.0 |
        Bailey |    545 |    545 |      0 |      0 |    447 |   1 |  545.0 |
               +--------+--------+--------+--------+--------+-----+--------+

Top non-repeatable levels by time:
    D:11: 2595 daAuts
     D:3: 1910 daAuts
    D:12: 1871 daAuts
     D:1: 1793 daAuts
  Lair:1: 1789 daAuts
     D:8: 1786 daAuts
     D:7: 1751 daAuts
  Lair:3: 1420 daAuts
  Lair:5: 1361 daAuts
     D:9: 1299 daAuts
     D:2: 1253 daAuts
 Snake:2: 1238 daAuts
     D:5: 1228 daAuts
     D:6: 1182 daAuts
  Lair:2: 1129 daAuts
